[Event "ICC tourney 2096 (40 10)"]
[Site "Internet Chess Club"]
[Date "2020.11.01"]
[Round "5"]
[White "ethansun188"]
[Black "niftyfountain"]
[Result "1-0"]
[ICCResult "Black checkmated"]
[WhiteElo "1138"]
[BlackElo "1360"]
[Opening "Sicilian: modern Scheveningen, main line"]
[ECO "B56"]
[NIC "SI.25"]
[Time "20:03:03"]
[TimeControl "2400+10"]

1. e4 c5 2. Nf3 d6 3. d4 cxd4 4. Nxd4 Nf6 5. Nc3 Nc6 6. Be3 e6 7. Be2 Be7 8.
O-O O-O 9. f4 a6 10. f5 e5 11. Nb3 Qc7 12. Bg5 h6 13. Bxf6 Bxf6 14. Nd5 Qd8
15. Rf3 Rb8 16. Rg3 b5 17. Bd3 Bb7 18. Qh5 Kh8 19. Rh3 Kh7 20. g4 Kg8 21.
Kf2 Na7 22. Nxf6+ Qxf6 23. Rg1 d5 24. g5 Qb6+ 25. Kf1 Kh7 26. gxh6 Qxh6 27.
Rxg7+ Kxg7 28. Qxh6+ Kg8 29. Qh7# {Black checkmated} 1-0

[Event "ICC tourney 2096 (40 10)"]
[Site "Internet Chess Club"]
[Date "2020.11.01"]
[Round "5"]
[White "charlestxie"]
[Black "Sirichess"]
[Result "1-0"]
[ICCResult "Black checkmated"]
[WhiteElo "1355"]
[BlackElo "1421"]
[Opening "QGD: Marshall defense"]
[ECO "D06"]
[NIC "QP.08"]
[Time "20:03:06"]
[TimeControl "2400+10"]

1. d4 d5 2. c4 Nf6 3. cxd5 Nxd5 4. e4 Nf6 5. Nc3 e6 6. Bg5 Be7 7. Nf3 h6 8.
Bf4 Bb4 9. e5 Bxc3+ 10. bxc3 Nd5 11. Bd2 O-O 12. Bd3 Nc6 13. O-O a6 14. a4
b6 15. h4 Bb7 16. h5 f5 17. g3 Qe8 18. Nh4 Nce7 19. g4 f4 20. c4 Qc6 21. Qf3
Nb4 22. Bxb4 Qxf3 23. Nxf3 Bxf3 24. Bxe7 Rfe8 25. Bh4 Bxg4 26. Bg6 Rec8 27.
f3 Bf5 28. Bxf5 exf5 29. d5 Re8 30. e6 Rac8 31. Rfe1 Kh7 32. a5 g5 33. hxg6+
Kxg6 34. axb6 cxb6 35. d6 Kh5 36. d7 Kxh4 37. dxc8=Q Rxc8 38. e7 Re8 39.
Rad1 Kg3 40. Rd8 Rxe7 41. Rxe7 Kxf3 42. Rd6 b5 43. c5 b4 44. c6 b3 45. Rd3+
Kg4 46. Rg7+ Kh5 47. Rh3# {Black checkmated} 1-0

[Event "ICC tourney 2096 (40 10)"]
[Site "Internet Chess Club"]
[Date "2020.11.01"]
[Round "5"]
[White "lerui"]
[Black "DaveGriffin"]
[Result "1-0"]
[ICCResult "Black resigns"]
[WhiteElo "1181"]
[BlackElo "1153"]
[Opening "French: exchange variation"]
[ECO "C01"]
[NIC "FR.01"]
[Time "20:02:53"]
[TimeControl "2400+10"]

1. e4 e6 2. d4 d5 3. exd5 exd5 4. Be2 Bd6 5. Nf3 Bg4 6. O-O Nf6 7. h3 h5 8.
Nh2 Bxh2+ 9. Kxh2 Nc6 10. c3 Qd6+ 11. Kg1 O-O-O 12. Be3 Rde8 13. Nd2 Bxh3
14. gxh3 Rxe3 15. Kg2 Re6 16. Nb3 Ne4 17. Bf3 Rg6+ 18. Kh1 Ng3+ 19. fxg3
Qxg3 20. Qe2 Qxh3+ 21. Qh2 Rg3 22. Qxh3+ Rxh3+ 23. Kg2 Rh4 24. Bxd5 Rg4+ 25.
Kh3 Re8 26. Rf3 Re2 27. Bxf7 Rgg2 28. d5 Rh2+ 29. Kg3 Reg2+ 30. Kf4 g5+ 31.
Kf5 g4 32. Re3 Rf2+ 33. Kg6 Nd8 34. Be6+ Nxe6 35. dxe6 Kd8 36. e7+ Ke8 37.
Nd4 c5 38. Nb5 {Black resigns} 1-0

[Event "ICC tourney 2096 (40 10)"]
[Site "Internet Chess Club"]
[Date "2020.11.01"]
[Round "5"]
[White "plamba"]
[Black "aec7r3b"]
[Result "0-1"]
[ICCResult "White checkmated"]
[WhiteElo "121"]
[BlackElo "1337"]
[Opening "Giuoco Pianissimo"]
[ECO "C24"]
[NIC "IG.04"]
[Time "20:02:57"]
[TimeControl "2400+10"]

1. e4 e5 2. Bc4 Nf6 3. d3 Bc5 4. Nf3 Nc6 5. a3 d6 6. h3 O-O 7. O-O h6 8. Bd2
Bd7 9. Nc3 Nd4 10. Nxd4 Bxd4 11. Rb1 c6 12. Ne2 Bb6 13. Ng3 d5 14. exd5 cxd5
15. Bb3 Qc7 16. Qf3 Bc6 17. Nf5 Qd7 18. Ne3 d4 19. Nc4 Bxf3 20. Nxe5 Qf5 21.
Nxf3 a5 22. Rbe1 Rfe8 23. Ba4 Rxe1 24. Rxe1 g5 25. Ne5 Bc7 26. g4 Qc8 27.
Bb3 Bxe5 28. Rxe5 a4 29. Bc4 Nxg4 30. hxg4 Qxg4+ 31. Kf1 Qd1+ 32. Be1 Qxc2
33. Rb5 Rb8 34. Ba5 Qc1+ 35. Kg2 h5 36. Bc7 Rc8 37. Rxb7 h4 38. Bb6 h3+ 39.
Kxh3 Qh1+ 40. Kg3 Qxb7 41. Bxd4 Qc7+ 42. Kg4 Qf4+ 43. Kh5 Qh4#
{White checkmated}
0-1

[Event "ICC tourney 2096 (40 10)"]
[Site "Internet Chess Club"]
[Date "2020.11.01"]
[Round "5"]
[White "bsarvagnya"]
[Black "adma2028"]
[Result "1/2-1/2"]
[ICCResult "Game drawn by repetition"]
[WhiteElo "1246"]
[BlackElo "1416"]
[Opening "Giuoco Pianissimo: Italian four knights variation"]
[ECO "C50"]
[NIC "IG.02"]
[Time "20:03:35"]
[TimeControl "2400+10"]

1. e4 e5 2. Nf3 Nc6 3. Bc4 Bc5 4. Nc3 Nf6 5. d3 d6 6. h3 a6 7. a3 Be6 8. Nd5
Bxd5 9. exd5 Ne7 10. O-O Nfxd5 11. Bg5 f6 12. Bh4 Nb6 13. Bb3 Nf5 14. Re1 g5
15. Bg3 Nxg3 16. d4 Nf5 17. dxc5 dxc5 18. Qe2 Nd4 19. Nxd4 cxd4 20. Rad1 Qd6
21. Qh5+ Kd8 22. c3 c5 23. Qf7 Qe7 24. Qh5 c4 25. Ba2 d3 26. Qf3 Rc8 27. b3
cxb3 28. Rxd3+ Kc7 29. Bxb3 Kb8 30. a4 Nd7 31. Bc2 Nc5 32. Rd4 Rhd8 33. Rb4
Rd2 34. Bf5 Rcd8 35. Reb1 a5 36. Rb5 Qc7 37. Rxc5 Rd1+ 38. Rxd1 Rxd1+ 39.
Qxd1 Qxc5 40. c4 Qxc4 41. Qd8+ Ka7 42. Qxa5+ Kb8 43. Qd8+ Ka7 44. Qxf6 Qc1+
45. Kh2 Qf4+ 46. Kg1 Qc1+ 47. Kh2 Qf4+ 48. Kg1 Qc1+ {Game drawn by
repetition} 1/2-1/2

[Event "ICC tourney 2096 (40 10)"]
[Site "Internet Chess Club"]
[Date "2020.11.01"]
[Round "5"]
[White "haarim"]
[Black "lucachesschess"]
[Result "0-1"]
[ICCResult "White resigns"]
[WhiteElo "1440"]
[BlackElo "1358"]
[Opening "Sicilian: dragon, classical, Amsterdam variation"]
[ECO "B72"]
[NIC "SI.25"]
[Time "20:02:54"]
[TimeControl "2400+10"]

1. e4 c5 2. Nf3 Nc6 3. d4 cxd4 4. Nxd4 Nf6 5. Nc3 d6 6. Be2 g6 7. Be3 Bg7 8.
Qd2 O-O 9. f3 d5 10. exd5 Nxd5 11. O-O-O Nxe3 12. Qxe3 Bxd4 13. Qe4 Bf5 14.
Qh4 Be3+ 15. Kb1 Qa5 16. Qg3 Rac8 17. Rd5 Qb4 18. Rxf5 Nd4 19. Qg4 Rxc3 20.
Rb5 Qd6 21. bxc3 Nxe2 22. Rb3 Qc6 23. Kb2 Bd2 24. Qb4 Rc8 25. Qxe7 Bxc3+ 26.
Kb1 Re8 27. Qxb7 Qc5 28. Qd7 Re7 29. Rb8+ Kg7 30. Qd8 Re6 31. Rb3 Bf6 32.
Qd3 Nc3+ 33. Ka1 Re3 34. Qd7 Nd5+ 35. Kb1 Rxb3+ 36. cxb3 Qc3 {White resigns}
0-1

[Event "ICC tourney 2096 (40 10)"]
[Site "Internet Chess Club"]
[Date "2020.11.01"]
[Round "5"]
[White "danielfan"]
[Black "BulbasaurMaster"]
[Result "1-0"]
[ICCResult "Black forfeits on time"]
[WhiteElo "814"]
[BlackElo "1459"]
[Opening "Giuoco Piano"]
[ECO "C50"]
[NIC "IG.02"]
[Time "20:03:47"]
[TimeControl "2400+10"]

1. e4 e5 2. Nf3 Nc6 3. Bc4 Bc5 4. O-O Nf6 5. Nc3 O-O 6. d3 h6 7. Be3 Bb6 8.
Bxb6 axb6 9. a3 d6 10. h3 Be6 11. Nd5 Re8 12. Re1 Na5 13. Nxf6+ Qxf6 14.
Bxe6 Rxe6 15. Nd2 Qh4 16. Qf3 Rf6 17. Qe3 Nc6 18. Nf3 Qf4 19. Qxf4 Rxf4 20.
Rad1 Re8 21. c3 Re6 22. Re2 Rg6 23. Re3 Rgf6 24. d4 exd4 25. cxd4 Kf8 26.
Kf1 Na5 27. b3 Re6 28. e5 dxe5 29. dxe5 Ke8 30. g3 Rf5 31. Nd4 Rfxe5 32.
Nxe6 Rxe6 33. Rxe6+ fxe6 34. Rd3 Nc6 35. f4 Ke7 36. Kf2 e5 37. fxe5 Nxe5 38.
Rd1 Kf6 39. Ke3 Ke6 40. Ke4 Nc6 41. b4 Ne5 42. g4 Nc4 43. a4 Nd6+ 44. Kf4
g5+ 45. Kg3 Ne4+ 46. Kf3 Nc3 47. Ra1 Nd5 48. b5 Ke5 49. Kg3 Nf4 50. h4 Ne2+
51. Kh3 Nf4+ 52. Kg3 Ne2+ 53. Kf2 Nf4 54. Kf3 Nd5 55. hxg5 hxg5 56. Rh1 Nc3
57. Rh5 Kf6 58. Rh6+ Ke5 59. Rg6 Ne4 60. Rg7 Nd2+ 61. Ke2 Ne4 62. Rxc7 Ng3+
63. Kf3 Nf1 64. Rxb7 Nd2+ 65. Ke2 Nc4 66. Rc7 Kd4 67. Kd1 Ne3+ 68. Ke2 Nxg4
69. Rc6 Ne5 70. Rxb6 Nc4 71. Rc6 Na5 72. Ra6 Nc4 73. b6 Nd6 74. Ra7 Nc8 75.
Rb7 g4 76. a5 {Black forfeits on time} 1-0